 Dungeon Crawl Stone Soup version 0.29.1-12-g30fa7ad0bf (webtiles) character file.

Game seed: 11559475985726244706

13 croobank the Chiller (level 2, 0/22 HPs)
             Began as a Demigod Ice Elementalist on Jan 3, 2023.
             Slain by an adder (2 damage)
             ... on level 2 of the Dungeon.
             The game lasted 00:03:11 (263 turns).

croobank the Chiller (Demigod Ice Elementalist)      Turns: 263, Time: 00:03:12

Health: 0/22       AC:  2    Str:  9    XL:     2   Next: 12%
Magic:  5/7        EV: 12    Int: 17    God:
Gold:   6          SH:  0    Dex: 14    Spells: 4/5 levels left

rFire   . . .      SeeInvis .   (no weapon)
rCold   . . .      Faith    .   (no shield)
rNeg    . . .      Spirit   .   a - +0 robe
rPois   .          Reflect  .   (no helmet)
rElec   .          Harm     .   (no cloak)
rCorr   .          Rampage  .   (no gloves)
Will    .....                   (no boots)
Stlth   ++........              (no amulet)
HPRegen 0.07/turn               (no ring)
MPRegen 0.10/turn               (no ring)

@: no status effects
A: high MP 1, forlorn, divine attributes
a: no special abilities


You were on level 2 of the Dungeon.
You visited 1 branch of the dungeon, and saw 2 of its levels.

You collected 6 gold pieces.

Inventory:

Missiles
 d - 5 boomerangs (quivered)
Armour
 a - a +0 robe (worn)
 e - a +0 ring mail
Scrolls
 b - a scroll of magic mapping {unknown}
 c - a scroll of torment {unknown}
 f - a scroll of identify {unknown}


   Skills:
 + Level 0.3 Fighting
 + Level 2.0 Dodging
 + Level 2.0 Stealth
 + Level 2.0 Spellcasting
 + Level 3.7 Ice Magic


You had 4 spell levels left.
You knew the following spells:

 Your Spells              Type           Power      Damage    Failure   Level
a - Freeze                Ice            56%        1d7       4%          1

Your spell library contained the following spells:

 Spells                   Type           Power      Damage    Failure   Level
 Frozen Ramparts          Ice            28%        1d5       13%         3
 Ozocubu's Armour         Ice            14%        N/A       13%         3
 Hailstorm                Conj/Ice       8%         3d4       65%         4


Dungeon Overview and Level Annotations

Branches:
Dungeon (2/15)


Innate Abilities, Weirdness & Mutations

You have an increased reservoir of magic. (+10% MP)
You shall have no god before yourself.
Your divine heritage dramatically boosts your attributes as you level up.


Message History

* * * LOW HITPOINT WARNING * * *
Casting: Freeze (safe; 4% risk of failure)
Confirm with . or Enter, or press ? or * to list all spells.
Aiming: Freeze (safe; 4% risk of failure)
Press: ? - help, Shift-Dir - straight line, f/p - rat
Aim: a rat You freeze the rat.
You kill the rat!
You start resting.
Your magical contamination has completely faded away.
You start resting.
An adder comes into view.
Things that are here:
a scroll labelled FEIREZ TEOVAU; a hobgoblin corpse
b - a scroll labelled FEIREZ TEOVAU The adder hisses angrily.
Sorry, you're not good enough to have a special ability.
Throw: 6 boomerangs
Press: ? - help, Q - select action, (/) - cycle Shift-Dir - straight line, f - adder
Aim: an adder (38% to hit)
You throw a boomerang. The boomerang misses the adder.
Throw: 6 boomerangs
Press: ? - help, Q - select action, (/) - cycle Shift-Dir - straight line, f/p - adder
Aim: an adder (38% to hit)
You throw a boomerang. The boomerang misses the adder.
Throw: 6 boomerangs
Press: ? - help, Q - select action, (/) - cycle Shift-Dir - straight line, f/p - adder
Aim: an adder (38% to hit)
You throw a boomerang. The boomerang closely misses the adder.
The adder bites you.
* * * LOW HITPOINT WARNING * * *
Casting: Freeze (safe; 4% risk of failure)
Confirm with . or Enter, or press ? or * to list all spells.
Aiming: Freeze (safe; 4% risk of failure)
Press: ? - help, Shift-Dir - straight line, f/p - adder
Aim: an adder You freeze the adder.
The adder is heavily wounded.
The adder bites you.
You die...

# #≈ ######### #≈#
#.)≈....# ##≈≈##
##..≈....#
#.≈≈..######..~≈....#
#~≈≈.......)...≈g...#
##.~~~.#†.......≈....#
#.~≈≈..@S....#..≈....#
#~.≈.........#..≈....#
#.~~~~~......####..###
#.~~~...###†### ..#
#..~≈.~.# #...# ...#
#.~≈~.~~# #..$# .#..#
#~.~~.~~# #...###.##.#
#~..~..~# #...K.......
#~.~~...# #....K....


You could see an adder.

Vanquished Creatures
  A ball python (D:1)
  2 bats (D:1)
  4 hobgoblins
  3 kobolds
  A rat (D:2)
11 creatures vanquished.

Notes
Turn   | Place    | Note
-------+----------+-------------------------------------------
     0 | D:1      | croobank the Demigod Ice Elementalist began the quest for
                  | the Orb.
     0 | D:1      | Reached XP level 1. HP: 14/14 MP: 5/5
   212 | D:2      | Reached XP level 2. HP: 2/20 MP: 5/7
   263 | D:2      | Slain by an adder

Illustrated notes

Levels and vault maps discovered:
D:1:      minmay_arrival_split_and_join, layout_basic,
          shapermc_ecumenical_altar_starsandcircs
D:2:      layout_rooms, serial_rivers, chequers_serial_rivers_micro_e,
          chequers_serial_rivers_small_3, chequers_serial_rivers_micro_e,
          chequers_serial_rivers_marsh, chequers_serial_rivers_small_3,
          uniq_sigmund

Skill      XL: |  1  2 |
---------------+-------+-----
Stealth        | 2 |  2.0
Dodging        | 2 |  2.0
Spellcasting   | 2 |  2.0
Fighting       | |  0.3
Ice Magic      | |  3.7

Action                   || total
-------------------------++-------
Melee: Unarmed           ||     1
Throw: Boomerang         ||     3
 Cast: Freeze            ||    20
  Use: Potion            ||     1
Armor: Robe              ||     3
Dodge: Dodged            ||    13
